 Dungeon Crawl Stone Soup version 0.27.1-3-gb3d3a73c9e (console) character file.

Game seed: 4293721924852710263

194 om the Ducker (level 6, -7/42 HPs)
             Began as a Djinni Fire Elementalist on Oct 12, 2021.
             Mangled by a gnoll (10 damage)
             ... on level 4 of the Dungeon.
             The game lasted 00:11:23 (3474 turns).

om the Ducker (Djinni Fire Elementalist)            Turns: 3474, Time: 00:11:24

Health: -7/42      AC:  3    Str: 16    XL:     6   Next: 3%
Gold:   127        EV: 13    Int: 17    God:
                   SH:  0    Dex: 14

rFire    + + .     SeeInvis .   e - +10 battleaxe {flame, *Rage rPois rC+ Str+8}
rCold    . . .     Faith    .   (shield currently unavailable)
rNeg     . . .     Spirit   .   a - +0 robe
rPois    ∞         Reflect  .   k - +0 helmet
rElec    .         Harm     .   (no cloak)
rCorr    .         Rampage  .   (no gloves)
Will     .....     Rnd*Rage +   (boots unavailable)
Stlth    ++........             m - amulet of the acrobat
HPRegen  0.14/turn              (no ring)
MPRegen  0.00/turn              (no ring)

@: flying, very slightly contaminated
A: sickness immunity, fire resistance 2, cold vulnerability 1, float, innate
caster, hp casting, extra vitality 1
a: no special abilities


You were on level 4 of the Dungeon.
You visited 1 branch of the dungeon, and saw 4 of its levels.

You collected 127 gold pieces.

Inventory:

Hand Weapons
 d - a +0 short sword
 e - the +10 battleaxe "Grim Tooth" (weapon) {flame, *Rage rPois rC+ Str+8}
   (You acquired it on level 4 of the Dungeon)

   It burns those it strikes, dealing additional fire damage.
   Big, fiery blades are also staple armaments of hydra-hunters.
   Str:       It affects your strength (+8).
   rC:        It protects you from cold.
   rPois:     It protects you from poison.
   *Rage:     It may make you go berserk in combat.
Armour
 a - a +0 robe (worn)
 k - a +0 helmet (worn)
Magical Staves
 i - a staff of air
Jewellery
 m - an amulet of the acrobat (around neck)
Scrolls
 b - a scroll of teleportation
 g - a scroll of enchant weapon {unknown}
 l - a scroll of amnesia {unknown}
Potions
 c - a potion of curing
 f - a potion of berserk rage {unknown}
 h - 2 potions of cancellation
 j - 2 potions of brilliance {unknown}
 n - a potion of flight {unknown}


   Skills:
 + Level 1.6 Fighting
 * Level 0.8 Axes
 * Level 3.9 Dodging
 - Level 2.0 Stealth
 * Level 3.6 Spellcasting


You couldn't memorise any spells.
You knew the following spells:

 Your Spells              Type           Power      Damage    Failure   Level
a - Foxfire               Conj/Fire      60%        2x1d7     3%          1
b - Conjure Flame         Conj/Fire      15%        6-21      11%         3
c - Inner Flame           Hex/Fire       15%        N/A       11%         3
d - Sticky Flame          Conj/Fire      15%        2d4       36%         4
e - Fireball              Conj/Fire      7%         3d5       71%         5
f - Freeze                Ice            60%        1d8       3%          1
g - Slow                  Hex            15%        N/A       5%          2
Your spell library was empty.

Dungeon Overview and Level Annotations

Branches:
Dungeon (4/15)
 Temple: D:4-7

Altars:
Fedhas


Innate Abilities, Weirdness & Mutations

You are immune to sickness and miasma.
You are immune to poison.
Your flesh is very heat resistant. (rF++)
You are vulnerable to cold. (rC-)
You float through the air rather than walking.
You learn spells naturally, not from books.
Your magical power is your life essence.
You have superior vitality. (+4 HP)


Message History

You hit the orc priest. You burn the orc priest.
The orc priest is moderately wounded.
You slash the gnoll! You burn the gnoll. You slash the orc! You burn the orc.
You kill the orc!
The orc priest hits you with a +0 short sword.
The orc closely misses you. The gnoll closely misses you.
You slice the orc priest!! You burn the orc priest.
You kill the orc priest!
You miss something. You barely miss the gnoll. You hit the orc.
You burn the orc.
The gnoll is no longer moving slowly.
Something hits you. The orc closely misses you.
Something hits you but does no damage. The gnoll closely misses you.
You hit the gnoll. You burn the gnoll.
The gnoll is almost dead.
You hit the orc. You burn the orc.
You kill the orc!
You slash something! You burn something.
Reactivating autopickup.
You feel a bit more experienced. The gnoll hits you with a +0 flail.
You have reached level 6!
Your experience leads to an increase in your attributes!
Your base attributes are Str 8, Int 17, Dex 13.
Increase (S)trength, (I)ntelligence, or (D)exterity?
You feel agile.
You hit the gnoll but do no damage.
The gnoll is almost dead.
The gnoll hits you with a +0 flail. The gnoll hits you with a +0 flail!
* * * LOW HITPOINT WARNING * * *
You feel better. The gnoll hits you with a +0 flail.
* * * LOW HITPOINT WARNING * * *
Casting: Slow (safe; 5% risk of failure)
Confirm with . or Enter, or press ? or * to list all spells.
The spell is extremely dangerous to cast (36% risk of failure)!
Continue anyway?
Aiming: Sticky Flame (extremely dangerous; 36% risk of failure)
Press: ? - help, Shift-Dir - straight line, f/p - gnoll
Aim: a gnoll, wielding a +0 flail (almost dead, 100% to hit)
You miscast Sticky Flame.
You are very lightly contaminated with residual magic.
Nothing appears to happen.
* * * LOW HITPOINT WARNING * * *
The gnoll hits you with a +0 flail!
You die...

##.....## #..#.....#.#
##.......## #...#....#.#
###.........###....#.#.#.#####...
.)).........'....................
.##.........###.)).###.#.#####...
.###.......## #..).###.#.# .#
##.....## #.....[..#.# .# ##...##
####.........# .# ##'##
##.####.####### .# ##.#
##.#.###.# .# ##..# #.###.@g.# .#
##.#.####.#.##### ##.###.###...##
###.## ##.#.....# ...## ##>.....#
###.## ##.#.....# ##.###.###...##
###.#.## ##### #.....# #.###.# #.
#.#


You could see a gnoll.

Vanquished Creatures
  An orc priest (D:4)
  An orc wizard (D:4)
  4 adders
  2 gnolls (D:4)
  2 dart slugs
  2 orcs (D:4)
  7 ball pythons
  7 bats
  3 endoplasms
  6 giant cockroaches
  2 goblins
  6 hobgoblins
  8 jackals
  6 quokkas
  A frilled lizard (D:2)
  12 kobolds
  6 rats
76 creatures vanquished.

Vanquished Creatures (collateral kills)
  2 foxfires (D:1)
2 creatures vanquished.

Vanquished Creatures (others)
  120 foxfires
  9 plants (D:1)
  7 toadstools (D:4)
136 creatures vanquished.

Grand Total: 214 creatures vanquished

Notes
Turn   | Place    | Note
-------+----------+-------------------------------------------
     0 | D:1      | om the Djinni Fire Elementalist began the quest for the
                  | Orb.
     0 | D:1      | Reached XP level 1. HP: 15/15 MP: 0/0
   150 | D:1      | Reached XP level 2. HP: 13/21 MP: 0/0
   415 | D:1      | Reached XP level 3. HP: 9/25 MP: 0/0
   415 | D:1      | Learned a level 1 spell: Freeze
  1452 | D:1      | Reached XP level 4. HP: 23/31 MP: 0/0
  2458 | D:3      | Reached skill level 1 in Fighting
  2698 | D:3      | Reached XP level 5. HP: 34/37 MP: 0/0
  2698 | D:3      | Learned a level 2 spell: Slow
  2870 | D:3      | Found a blossoming altar of Fedhas.
  3110 | D:4      | Identified a scroll of acquirement
  3110 | D:4      | Acquired the +10 battleaxe "Grim Tooth" {flame, *Rage rPois
                  | rC+ Str+8}
  3466 | D:4      | Reached XP level 6. HP: 20/42 MP: 0/0
  3474 | D:4      | Mangled by a gnoll

Illustrated notes

Levels and vault maps discovered:
D:1:      dpeg_arrival_triangle_fractal, layout_loops_ring,
          serial_bayou_lagoon_b
D:2:      layout_loops_ring
D:3:      layout_rooms, mainiacjoe_overflow_24_doors
D:4:      cheibrodos_fertilizer, layout_loops_corners, lemuel_tele_altar

Skill      XL: |  1  2  3  4 |
---------------+-------------+-----
Spellcasting   | 3 |  3.6
Dodging        | 3 |  3.9
Stealth        | 2 |  2.0
Fighting       | 1 |  1.6
Axes           | |  0.8

Action                   |  1- 3 |  4- 6 || total
-------------------------+-------+-------++-------
Melee: Short sword       |     4 |    10 ||    14
       Battleaxe         |       |     8 ||     8
 Cast: Foxfire           |    31 |    43 ||    74
       Freeze            |    11 |    23 ||    34
       Conjure Flame     |       |     2 ||     2
       Slow              |       |     2 ||     2
  Use: Scroll            |       |     6 ||     6
       Potion            |       |     3 ||     3
 Stab: Sleeping          |     1 |     4 ||     5
Armor: Robe              |     2 |    11 ||    13
Dodge: Dodged            |    15 |    50 ||    65
